 Dungeon Crawl Stone Soup version 0.17-a0-1923-gc35365e (webtiles) character file.

655 Kuldar the Magician (level 7, 0/36 HPs)
             Began as a Deep Elf Wizard on Sept 28, 2015.
             Killed by nerve-wracking pain
             ... invoked by Grinder
              (12 damage)
             ... on level 5 of the Dungeon.
             The game lasted 00:18:44 (3931 turns).

Kuldar the Magician (Deep Elf Wizard)               Turns: 3931, Time: 00:18:45

Health: 0/36       AC:  2    Str:  4    XL:     7   Next: 29%
Magic:  4/20       EV: 12    Int: 25    God:
Gold:   244        SH:  0    Dex: 13    Spells: 6 memorised, 8 levels left

rFire  . . .     SeeInvis .     k - -1 dagger (curse)
rCold  . . .     Clarity  .     a - +0 robe
rNeg   . . .     SustAt   .     (no shield)
rPois  .         Gourm    .     b - +0 hat
rElec  .         Spirit   .     (no cloak)
rCorr  .         Warding  .     (no gloves)
rMut   .         Stasis   .     (no boots)
MR     .....                    (no amulet)
Stlth  ++........               (no ring)
                                (no ring)

@: lethally poisoned (0 -> -10), not resistant to hostile enchantments,
unstealthy
A: no striking features
a: no special abilities


You were on level 5 of the Dungeon.
You were not hungry.

You visited 1 branch of the dungeon, and saw 5 of its levels.

You collected 244 gold pieces.

Inventory:

Hand weapons
 k - a cursed -1 dagger (weapon)
 D - a +0 flail of protection
 E - a +0 dagger of venom
 G - a +4 flail of protection
 J - a +4 dagger
Armour
 a - a +0 robe (worn)
 b - a +0 hat (worn)
Jewellery
 i - an uncursed amulet of stasis {unknown}
 r - an uncursed amulet of warding {unknown}
 u - a cursed ring of loudness {unknown}
Scrolls
 e - 4 scrolls of identify {unknown}
 g - 2 scrolls of immolation {unknown}
 l - 4 scrolls of remove curse {unknown}
 m - 2 scrolls of recharging {unknown}
 t - a scroll of fear {unknown}
 y - 2 scrolls of teleportation {unknown}
 B - a scroll of noise {unknown}
 C - a scroll of enchant armour {unknown}
 H - a scroll of blinking {unknown}
Potions
 h - 3 potions of might {unknown}
 j - a potion of lignification {unknown}
 n - a potion of mutation {unknown}
 o - a potion of degeneration {unknown}
 p - a potion of cancellation {unknown}
 q - a potion of brilliance {unknown}
 s - a potion of curing {unknown}
 v - a potion of poison {unknown}
 x - 2 potions of heal wounds {unknown}
 A - a potion of resistance {unknown}
 F - a potion of flight {unknown}
Books
 c - a book of Minor Magic

   Spells                             Type                      Level
   a - Magic Dart                     Conjuration                  1
   b - Blink                          Translocation                2
   c - Call Imp                       Summoning                    2
   d - Repel Missiles                 Charms/Air                   2
   e - Slow                           Hexes                        2
   f - Conjure Flame                  Conjuration/Fire             3
   g - Mephitic Cloud                 Conjuration/Poison/Air       3
Comestibles
 d - 4 bread rations
 f - 3 fruits
 w - a slice of pizza
 z - 6 meat rations


   Skills:
 - Level 2.4 Dodging
 - Level 2.4 Stealth
 * Level 7.7 Spellcasting
 * Level 5.4 Conjurations
 - Level 1.1 Summonings
 - Level 1.1 Translocations
 + Level 1.8 Fire Magic
 + Level 2.1 Air Magic
 + Level 2.1 Poison Magic


You had 8 spell levels left.
You knew the following spells:

 Your Spells              Type           Power        Failure   Level  Hunger
a - Magic Dart            Conj           ####         1%          1    None
b - Blink                 Tloc           N/A          8%          2    None
c - Call Imp              Summ           ###.....     8%          2    None
d - Repel Missiles        Chrm/Air       ###...       8%          2    None
e - Conjure Flame         Conj/Fire      ####....     4%          3    None
g - Mephitic Cloud        Conj/Pois/Air  ####....     6%          3    None


Dungeon Overview and Level Annotations

Branches:
Dungeon (5/15)
 Temple: D:4-7

Altars:
Dithmenos
Elyvilon
Kikubaaqudgha
Makhleb
Okawaru
Sif Muna

Annotations:
D:5 Grinder


Message History

Your crimson imp blinks!
You feel sick.
You can move again.
Unknown command.
Casting: Call Imp
Confirm with . or Enter, or press ? or * to list all spells.
Aiming: Mephitic Cloud
Press: ? - help, Shift-Dir - straight line, f/p - Grinder
Aim: Grinder (heavily wounded)
Okay, then.
You feel sick.
The worker ant closely misses something.
Casting: Mephitic Cloud
Confirm with . or Enter, or press ? or * to list all spells.
Aiming: Conjure Flame
Press: ? - help, Dir - move target cursor, p - Grinder The fire roars!
You feel sick. Grinder gestures at you. Pain shoots through your body!
You die...

.........#.#...### .
..........<#.♣.#.# #
.####....#.#...#.###########.
...(.......#.##.##..5†........#
.#.#####..##.#.....#######.$...
.. ### ##.##.#.....# ..#
.####.# #..#.###.### . .#
...###.#.# #.# .# #..##.#.# #@#
.# #..#.#.# #§# # # #....#.#
#5#### !.. ##...#.#
#....####..... # #.....#
#..5..<....... # ##...##
#.##.####..... #
######..####.##5# ..#
#...#........##.###### #
#.#.#.#######..5.......


You could see Grinder.

Vanquished Creatures
  Prince Ribbit (D:5)
  Edmund (D:4)
  A sky beast (D:5)
  A centaur skeleton (D:4)
  An orc wizard (D:4)
  A hound skeleton (D:5)
  5 gnolls
  A shadow imp (D:3)
  7 adders
  2 oozes
  A worm (D:3)
  3 giant geckos
  3 orcs
  A giant cockroach (D:5)
  5 goblins
  5 hobgoblins
  3 kobolds
  4 quokkas
  2 bats (D:1)
  4 jackals (D:3)
  23 rats
75 creatures vanquished.

Vanquished Creatures (others)
  An orc priest (D:4)
1 creature vanquished.

Grand Total: 76 creatures vanquished

Notes
Turn   | Place    | Note
--------------------------------------------------------------
     0 | D:1      | Kuldar the Deep Elf Wizard began the quest for the Orb.
     0 | D:1      | Reached XP level 1. HP: 10/10 MP: 7/7
   412 | D:1      | Reached XP level 2. HP: 15/15 MP: 4/9
   416 | D:1      | Learned a level 2 spell: Blink
   419 | D:1      | Learned a level 2 spell: Call Imp
   457 | D:1      | Learned a level 2 spell: Repel Missiles
   471 | D:1      | Reached skill level 5 in Spellcasting
   949 | D:2      | Found a burning altar of Makhleb.
  1014 | D:2      | Reached XP level 3. HP: 19/19 MP: 5/11
  1019 | D:2      | Learned a level 3 spell: Mephitic Cloud
  1111 | D:2      | Found a shadowy altar of Dithmenos.
  1112 | D:2      | Found a deep blue altar of Sif Muna.
  1871 | D:3      | Learned a level 3 spell: Conjure Flame
  2023 | D:3      | Reached XP level 4. HP: 24/24 MP: 5/13
  2028 | D:3      | Found a faded altar to an unknown god.
  2342 | D:3      | Reached skill level 6 in Spellcasting
  2548 | D:4      | Reached XP level 5. HP: 18/28 MP: 7/15
  2564 | D:4      | Found an iron altar of Okawaru.
  2759 | D:4      | Found an ancient bone altar of Kikubaaqudgha.
  2979 | D:4      | Noticed Edmund
  3000 | D:4      | Killed Edmund
  3000 | D:4      | Reached skill level 1 in Air Magic
  3000 | D:4      | Reached skill level 1 in Poison Magic
  3000 | D:4      | Reached XP level 6. HP: 32/32 MP: 2/17
  3319 | D:4      | Reached skill level 7 in Spellcasting
  3375 | D:5      | Entered Level 5 of the Dungeon
  3464 | D:5      | Noticed Prince Ribbit
  3514 | D:5      | Killed Prince Ribbit
  3514 | D:5      | Reached skill level 5 in Conjurations
  3514 | D:5      | Reached skill level 1 in Fire Magic
  3514 | D:5      | Reached XP level 7. HP: 36/36 MP: 8/19
  3661 | D:5      | Found a white marble altar of Elyvilon.
  3714 | D:5      | Noticed Grinder
  3925 | D:5      | Paralysed by Grinder for 5 turns
  3931 | D:5      | Killed from afar by Grinder

Vault maps used:
D:1:      dpeg_arrival_line_fractal
D:2:      lemuel_doored_altar, minitemple
D:3:      ecumenical_altar_1
D:4:      nicolae_overflow_hidden_temple, okawaru_ov_weapons_minmay,
          first_bread, minmay_rat_hole, uniq_edmund
D:5:      elyvilon_altar_1, makhleb_blood_cavern_becter, uniq_prince_ribbit1,
          uniq_grinder

Action                   |  1- 3 |  4- 6 |  7- 9 || total
-------------------------+-------+-------+-------++-------
Melee: Dagger            |       |     5 |     1 ||     6
 Cast: Magic Dart        |    66 |    59 |    27 ||   152
       Conjure Flame     |     3 |    12 |     3 ||    18
       Mephitic Cloud    |     1 |     8 |     4 ||    13
       Blink             |       |     1 |     1 ||     2
       Call Imp          |       |       |    11 ||    11
 Stab: Confused          |       |     1 |       ||     1
  Eat: Chunk             |     3 |     5 |     1 ||     9
